 Dungeon Crawl Stone Soup version 0.28.0-53-g5a82cb258f (webtiles) character file.

Game seed: 10697290632222418559

50 safid the Digger (level 3, -1/21 HPs)
             Began as a Gargoyle Earth Elementalist on Sept 8, 2022.
             Killed by divine providence
             ... invoked by an orc priest
              (15 damage)
             ... on level 2 of the Dungeon.
             The game lasted 00:01:36 (2472 turns).

safid the Digger (Gargoyle Earth Elementalist)      Turns: 2472, Time: 00:01:37

Health: -1/21      AC:  5    Str: 11    XL:     3   Next: 79%
Magic:  6/6        EV: 12    Int: 17    God:
Gold:   53         SH:  0    Dex: 10    Spells: 6/7 levels left

rFire   . . .      SeeInvis .   f - +0 short sword
rCold   . . .      Faith    .   (no shield)
rNeg    + . .      Spirit   .   b - +0 robe
rPois   ∞          Reflect  .   (no helmet)
rElec   +          Harm     .   (no cloak)
rCorr   .          Rampage  .   (no gloves)
Will    .....                   (no boots)
Stlth   ++........              (no amulet)
HPRegen 0.07/turn               (no ring)
MPRegen 0.10/turn               (no ring)

@: no status effects
A: sickness immunity, AC +3, negative energy resistance 1, electricity
resistance, torment resistance 1, petrification resistance
a: no special abilities


You were on level 2 of the Dungeon.
You visited 1 branch of the dungeon, and saw 2 of its levels.

You collected 53 gold pieces.

Inventory:

Hand Weapons
 f - a +0 short sword (weapon)
Missiles
 c - 82 stones
Armour
 b - a +0 robe (worn)
Scrolls
 d - a scroll of teleportation {unknown}
 h - a scroll of identify {unknown}
Potions
 a - a potion of resistance {unknown}
 e - 2 potions of curing {unknown}
 g - a potion of brilliance {unknown}
 i - a potion of berserk rage {unknown}
 j - a potion of attraction {unknown}


   Skills:
 + Level 1.7 Fighting
 - Level 2.0 Dodging
 - Level 2.1 Stealth
 + Level 2.5 Spellcasting
 - Level 0.7 Transmutations
 + Level 4.2 Earth Magic


You had 6 spell levels left.
You knew the following spells:

 Your Spells              Type           Power      Damage    Failure   Level
a - Sandblast             Erth           32%        2d9       3%          1

Your spell library contained the following spells:

 Spells                   Type           Power      Damage    Failure   Level
 Passwall                 Tmut/Erth      8%         N/A       10%         2
 Stone Arrow              Conj/Erth      18%        3d8       22%         3
 Dazzling Flash           Conj/Hex       4%         N/A       50%         3
 Petrify                  Tmut/Erth      10%        N/A       54%         4
 Leda's Liquefaction      Hex/Erth       4%         N/A       58%         4
 Anguish                  Hex/Necr       1%         N/A       88%         4
 Enfeeble                 Hex            1%         N/A       100%        7


Dungeon Overview and Level Annotations

Branches:
Dungeon (2/15)

Altars:


Innate Abilities, Weirdness & Mutations

You are immune to sickness and miasma.
Your stone body is resilient. (AC +3)
You are immune to poison.
You resist negative energy. (rN+)
You are resistant to electric shocks. (rElec)
You are resistant to unholy torment.
You are immune to petrification.


Message History

You open the door.
There is an open door here.
A rat comes into view.
An orc and an orc wizard come into view.
The orc shouts!
The orc wizard shouts!
The rat barely misses you.
You hear a shout!
You barely miss the rat. The rat barely misses you.
You closely miss the rat. The rat closely misses you.
An orc priest comes into view.
It is wielding a +1 falchion of holy wrath.
The orc wizard casts a spell.
The orc wizard flickers and vanishes!
Deactivating autopickup; reactivate with Ctrl-A.
You hit the rat but do no damage. The rat bites you.
You hit the rat.
The rat is heavily wounded.
The rat closely misses you.
You closely miss the rat.
The rat is heavily wounded.
The rat bites you but does no damage. The rat closely misses you.
You closely miss the rat.
The rat is heavily wounded.
The rat closely misses you.
You hit the rat.
You kill the rat!
You hit the orc but do no damage. The orc hits you with a +0 dagger. x2
You hit the orc but do no damage. You hit the orc. You punch the orc.
The orc is almost dead.
The orc misses you.
You hit the orc.
You kill the orc!
You hear some strange, mumbled words.
A puff of flame appears from out of thin air!
The puff of flame hits you.
You closely miss something.
The orc priest mumbles some strange prayers to Beogh against you.
Beogh smites you!
Ouch! That really hurt!
You die...

#...........#
#...........#
#...........#
#...........#
#...........#
###...........#
##
#.............##
..
+......#.......#
##
#...##.)@....#.#
.......#{###.#
########o# ...
..# ### ..# #..#
#..# #..#


You could see an orc priest.

Vanquished Creatures
  A worm (D:2)
  A dart slug (D:1)
  An orc (D:2)
  2 ball pythons
  3 bats (D:1)
  3 endoplasms
  3 giant cockroaches
  4 goblins
  4 hobgoblins
  5 jackals (D:2)
  3 frilled lizards (D:1)
  2 kobolds (D:1)
  10 rats
42 creatures vanquished.

Notes
Turn   | Place    | Note
-------+----------+-------------------------------------------
     0 | D:1      | safid the Gargoyle Earth Elementalist began the quest for
                  | the Orb.
     0 | D:1      | Reached XP level 1. HP: 10/10 MP: 3/3
   386 | D:1      | Reached XP level 2. HP: 15/16 MP: 5/5
   767 | D:1      | Reached skill level 1 in Fighting
   841 | D:1      | Reached skill level 4 in Earth Magic
   845 | D:1      | Reached XP level 3. HP: 11/20 MP: 6/6
  1630 | D:2      | Got the Grimoire of the Oath
  2472 | D:2      | Killed from afar by an orc priest

Illustrated notes

Levels and vault maps discovered:
D:1:      dpeg_arrival_ratfight, layout_basic
D:2:      layout_basic

Skill      XL: |  1  2  3 |
---------------+----------+-----
Fighting       | 1 |  1.7
Earth Magic    | 4 |  4.2
Dodging        | 2 |  2.0
Stealth        | |  2.1
Spellcasting   | |  2.5
Transmutations | |  0.7

Action                   || total
-------------------------++-------
Melee: Dagger            ||    36
       Short sword       ||   110
       Punch             ||     1
 Cast: Sandblast         ||     9
 Stab: Sleeping          ||     5
Armor: Robe              ||    53
Dodge: Dodged            ||   128
